 Dungeon Crawl Stone Soup version 0.31-a0-981-geadf994542 (webtiles) character file.

Game seed: 7415745689530667723

255631 avis the Skinwalker (level 19, -5/91 HPs)
             Began as a Felid Shapeshifter on Oct 30, 2023.
             Was an Initiate of Gozag.
             Slain by a merfolk impaler
             ... wielding a +1 trident of freezing
              (18 damage)
             ... on level 4 of the Shoals on Oct 31, 2023.
             The game lasted 05:06:00 (47677 turns).

avis the Skinwalker (Felid Shapeshifter)           Turns: 47677, Time: 05:06:01

Health: -5/91      AC: 16    Str: 10    XL:     19   Next: 43%
Magic:  4/24       EV: 58    Int: 18    God:    Gozag
Gold:   1881       SH:  0    Dex: 21    Spells: 14/24 levels left
                                        Lives:  0   Deaths: 7

rFire   . .          .
                       - Unarmed
rCold   . . .        (shield unavailable)
rNeg    + . .        (body armour unavailable)
rPois   ∞            (helmet unavailable)
rElec   +            (cloak unavailable)
rCorr   .            (gloves unavailable)
SInv    +            (boots unavailable)
Will    ++...        D - amulet of magic regeneration
Stlth   ++           J - ring "Egoam" {rN+ Int+4 Slay+4}
HPRegen 0.35/turn    x - +4 ring of protection
MPRegen 0.59/turn

%: no passive effects
@: storm-form, gold aura, blinkbolt cooldown, flying, very slightly contaminated
A: cleaving, insubstantial, flying, very small, (claws 1), (fangs 3), see
invisible, (speed 1), (shaggy fur 3), (stealthy paws), no weapons or thrown
items, no armour, multi-lived
}: 1/15 runes: serpentine
a: Blinkbolt, Begin Untransformation, Renounce Religion, Potion Petition, Call
Merchant, Bribe Branch


You were on level 4 of the Shoals.
You worshipped Gozag.
Gozag was most pleased with you.
You were a lightning-filled tempest!
You visited 8 branches of the dungeon, and saw 34 of its levels.
You visited 1 bazaar.
You also visited: Bailey, Gauntlet and Volcano.

You collected 13992 gold pieces.
You spent 6938 gold pieces at shops.
You paid 5173 gold pieces to Gozag.

Inventory:

Jewellery
 d - the dreamshard necklace {Acrobat *Dream}
   (You found it on level 1 of the Snake Pit)

   [amulet of the acrobat]

   *Dream:    It absorbs a single lethal wound into itself, holding its wearer
   just short of death and releasing dream-creatures to guard them.
   Acrobat:   It increases your evasion while moving and waiting.
 o - a ring of protection from cold
 x - a +4 ring of protection (right paw)
 D - an amulet of magic regeneration (around neck)
 J - the ring "Egoam" (left paw) {rN+ Int+4 Slay+4}
   (You bought it in a shop on level 3 of the Snake Pit)

   [ring of slaying]

   Int+4:     It affects your intelligence (+4).
   Slay+4:    It affects your accuracy & damage with ranged weapons and melee
   (+4).
   rN+:       It protects you from negative energy.
 M - a ring of wizardry
 O - an amulet of regeneration
Talismans
 S - a storm talisman (active)
 X - the talisman of death "Lapogef" {Will+ Str-3 SInv}
   (You bought it in a shop on level 3 of the Snake Pit)

   [talisman of death]

   Str-3:     It affects your strength (-3).
   Will+:     It increases your willpower.
   SInv:      It lets you see invisible.
Wands
 a - a wand of mindburst (24)
 k - a wand of flame (23)
 l - a wand of digging (5)
 n - a wand of roots (19)
 w - a wand of polymorph (18)
 z - a wand of charming (31)
 B - a wand of light (16)
Scrolls
 e - 14 scrolls of teleportation
 g - 6 scrolls of fear
 i - 7 scrolls of blinking
 p - 6 scrolls of revelation
 r - 3 scrolls of fog
 u - 3 scrolls of butterflies
 y - 8 scrolls of poison
 H - 2 scrolls of silence
Potions
 b - 2 potions of invisibility
 c - 2 potions of ambrosia
 h - 7 potions of brilliance
 j - a potion of resistance
 m - 2 potions of enlightenment
 v - 2 potions of magic
 A - 12 potions of curing
 C - 6 potions of might
 G - 2 potions of cancellation
 I - a potion of berserk rage
 Q - a potion of haste


   Skills:
 * Level 14.3 Fighting
 - Level 21.0 Dodging
 * Level 13.5 Unarmed Combat
 - Level 3.0 Spellcasting
 - Level 12.0 Translocations
 - Level 4.0 Air Magic
 - Level 24.0 Shapeshifting


You had 14 spell levels left.
You knew the following spells:

 Your Spells              Type           Power      Damage    Failure   Level
b - Blink                 Tloc           90%        N/A       1%          2
m - Manifold Assault      Tloc           45%        N/A       1%          4
v - Vhi's Electric Charg  Tloc/Air       62%        N/A       6%          4

Your spell library contained the following spells:

 Spells                   Type           Power      Damage    Failure   Level
 Shock                    Conj/Air       36%        1d5       7%          1
 Swiftness                Air            17%        N/A       10%         3
 Poisonous Vapours        Pois/Air       18%        N/A       11%         2
 Cigotuvi's Dreadful Rot  Necr/Pois/Air  14%        N/A       14%         2
 Freeze                   Ice            8%         1d3       16%         1
 Magic Dart               Conj           8%         1d3       16%         1
 Sandblast                Erth           4%         2d4       16%         1
 Summon Small Mammal      Summ           8%         N/A       16%         1
 Dispersal                Tloc           22%        N/A       19%         6
 Call Imp                 Summ           4%         N/A       24%         2
 Ensorcelled Hibernation  Hex/Ice        4%         N/A       24%         2
 Jinxbite                 Hex            4%         N/A       24%         2
 Passwall                 Tmut/Erth      1%         N/A       24%         2
 Searing Ray              Conj           4%         2d4       24%         2
 Wereblood                Tmut           2%         N/A       24%         2
 Mephitic Cloud           Conj/Pois/Air  7%         N/A       28%         3
 Airstrike                Air            8%         2d(2-18)  30%         4
 Call Canine Familiar     Summ           2%         N/A       43%         3
 Frozen Ramparts          Ice            4%         1d1       43%         3
 Hailstorm                Conj/Ice       2%         3d3       43%         3
 Stone Arrow              Conj/Erth      4%         3d7       43%         3
 Summon Guardian Golem    Hex/Summ       2%         N/A       43%         3
 Summon Lightning Spire   Summ/Air       9%         N/A       56%         4
 Anguish                  Hex/Necr       1%         N/A       85%         4
 Brom's Barrelling Bould  Conj/Erth      2%         2d3       85%         4
 Cause Fear               Hex            1%         N/A       85%         4
 Dispel Undead            Necr           2%         3d7       85%         4
 Fulminant Prism          Conj/Hex       1%         3d5       85%         4
 Olgreb's Toxic Radiance  Pois           2%         N/A       85%         4
 Petrify                  Tmut/Erth      2%         N/A       85%         4
 Arcjolt                  Conj/Air       4%         1d14      89%         5
 Freezing Cloud           Conj/Ice/Air   3%         6-21      95%         5
 Fireball                 Conj/Fire      1%         3d3       99%         5
 Lee's Rapid Deconstruct  Erth           1%         3d4*      99%         5
 Metabolic Englaciation   Hex/Ice        1%         N/A       99%         5
 Death Channel            Necr           1%         N/A       100%        6
 Plasma Beam              Fire/Air       4%         2x1d14    100%        6
 Haunt                    Necr/Summ      1%         N/A       100%        7
 Summon Hydra             Summ           1%         N/A       100%        7
 Borgnjor's Revivificati  Necr           1%         N/A       100%        8
 Discord                  Hex            1%         N/A       100%        8
 Disjunction              Tloc           22%        N/A       100%        8
 Ignition                 Fire           1%         3d3       100%        8
 Maxwell's Capacitive Co  Air            8%         ∞         100%        8
 Chain Lightning          Conj/Air       4%         3d6       100%        9
 Death's Door             Necr           1%         N/A       100%        9
 Dragon's Call            Summ           1%         N/A       100%        9
 Fire Storm               Conj/Fire      1%         7d1       100%        9
 Shatter                  Erth           1%         3d5*      100%        9
 Sublimation of Blood     Necr           Unusable   N/A       N/A         2
 Animate Armour           Summ/Erth      Unusable   N/A       N/A         4

Dungeon Overview and Level Annotations

Branches:
Dungeon (15/15)            Temple (1/1) D:4            Lair (5/5) D:9
 Shoals (4/4) Lair:3        Snake (4/4) Lair:2        Slime (0/5) Lair:5
    Orc (2/2) D:12            Elf (2/3) Orc:2        Vaults (0/5) D:13
 Depths (1/4) D:15         Bailey (visited)         Volcano (visited)
Gauntlet (visited)

Altars:
Ashenzari
Cheibriados
Dithmenos
Elyvilon
Fedhas
Gozag
Hepliaklqana
Kikubaaqudgha
Makhleb
Nemelex Xobeh
Okawaru
Qazlal
Ru
Sif Muna
Trog
Uskayaw
Vehumet
Wu Jian
Xom
Yredelemnul
Zin
The Shining One
Jiyva
Lugonu

Shops:
D:9 (   D:12 !((([   Orc:1 (   Orc:2 **?(:   Elf:1 (   Lair:1 *   Lair:3 ?
Lair:5 =   Snake:3 (**=?

Portals:
Hell: Depths:1
Abyss: Shoals:2
Pandemonium: Orc:2
Ziggurat: Depths:1

Annotations:
Snake:3 2 transporters, HilariousDeathArtist's ghost, adept AtBr


Innate Abilities, Weirdness & Mutations

You are a lightning-filled tempest!
Your electrical attacks strike out in all directions at once.
You are incredibly evasive.
Your insubstantial body is immune to petrification, constriction, and being set on fire You are flying.
You are immune to poison.
((You have sharp claws.))
((You have razor-sharp teeth.))
You have supernaturally acute eyesight. (SInv)
((You cover ground quickly. (Speed+)))
((Your thick and shaggy fur keeps you warm. (AC +3, rC+)))
((Your paws help you pounce on unaware monsters.))
You are incapable of wielding weapons or throwing items.
You cannot wear armour.
You gain extra lives every three experience levels.


Message History

You closely miss the merfolk. You hit the merfolk impaler.
Lightning courses through the merfolk impaler!
The alligator snapping turtle completely misses you.
The merfolk impaler misses you. The merfolk completely misses you.
You batter the merfolk impaler!! You punch the merfolk impaler!
The merfolk impaler is almost dead.
You closely miss the merfolk.
You buffet the alligator snapping turtle!
The merfolk impaler is no longer distracted by gold.
The merfolk impaler completely misses you. x2
The alligator snapping turtle is distracted by your dazzling golden aura.
The merfolk misses you.
The merfolk impaler completely misses you.
The alligator snapping turtle hisses angrily.
You hit the alligator snapping turtle but do no damage.
Lightning courses through the alligator snapping turtle!!
The alligator snapping turtle is no longer distracted by gold.
The alligator snapping turtle is heavily wounded.
You closely miss the merfolk impaler. You miss the merfolk.
The wind drake is no longer distracted by gold.
The merfolk impaler is distracted by your dazzling golden aura.
The merfolk impaler completely misses you.
The alligator snapping turtle completely misses you.
The merfolk impaler shouts!
You buffet the alligator snapping turtle!
You punch the alligator snapping turtle, but do no damage.
The alligator snapping turtle is heavily wounded.
You buffet the merfolk!
You kill the merfolk!
You now have 1881 gold pieces (gained 8).
You hear a splash.
You buffet the merfolk impaler!
The merfolk impaler completely misses you.
The wind drake flaps its wings at you. The air twists around and strikes you!
* * * LOW HITPOINT WARNING * * *
You feel better.
The merfolk impaler hits you with a +1 trident of freezing!!
You die...
Your body crumbles into a pile of gold.

,~~~~~~~~≈≈≈≈≈≈≈≈≈#
,~~~~~~~~≈≈≈≈≈≈≈≈≈#
,~~~~~~~~≈≈≈≈≈≈≈≈≈#
,~~~~~~~~≈≈≈≈≈≈≈≈≈#
,~~~~~~~~≈≈≈≈≈≈≈≈≈#
~~~~~~~~~≈≈≈≈≈≈≈≈≈#
~~~~~~~~≈≈≈≈≈≈≈k≈≈#
~~~~~~~~≈≈≈≈≈≈≈≈tm#
,~~~~≈≈≈≈≈≈≈≈≈≈≈v≈#
#####≈≈≈≈≈≈≈≈≈m≈≈≈#
≈~≈≈##≈≈~~~~~≈≈≈≈≈#
...#~*#~~~~~~~≈≈≈≈#
≈≈.,*~#~~~~~~~~≈≈≈#
≈#~,,~#~~~~~~~~≈≈≈#
≈##≈.~#..~~~~~~≈≈≈#
≈≈≈≈.~#....~~~~≈≈≈#
.≈#,,~##....~~~≈≈≈#


You could see an alligator snapping turtle, 2 merfolk impalers and a wind drake
(repels missiles).

Vanquished Creatures
  Vashnia (Snake:4)
  Nikola (Snake:4)
  Jorgrun (D:15)
  An ancient champion (Depths:1)
  Gastronok (D:11)
  A tengu reaver (Depths:1)
  Agnes (Snake:4)
  Aizul (Snake:4)
  A fire giant (Depths:1)
  Donald (Snake:4)
  3 nagarajas
  Roxanne (D:15)
  Ilsuiw (Shoals:2)
  2 frost giants (Depths:1)
  A balrug (Depths:1)
  A deep elf sorcerer (Elf:1)
  An iron dragon (Depths:1)
  Louise (Snake:4)
  5 very ugly things
  A deep elf demonologist (Elf:2)
  5 stone giants (Depths:1)
  A vampire knight (Depths:1)
  Azrael (Orc:2)
  Nessos (D:15)
  An ettin (D:15)
  4 merfolk impalers
  6 slime creatures
  3 fire dragons
  3 merfolk javelineers
  2 ice dragons
  7 vault guards (D:13)
  A hell beast (Depths:1)
  4 salamander tyrants
  4 rakshasas
  7 hydras
  4 merfolk avatars
  3 boulder beetles
  10 anacondas
  2 catoblepae (Depths:1)
  An alligator snapping turtle (Shoals:3)
  6 centaur warriors
  2 demonspawn (Orc:2)
  2 two-headed ogres
  3 satyrs
  3 merfolk aquamancers
  4 deep troll shamans (D:15)
  19 naga warriors
  18 dancing weapons
  5 deep troll earth magi (D:15)
  4 death yaks
  12 orc high priests
  20 naga sharpshooters
  A soul eater (Orc:2)
  13 deep elf knights
  A shock serpent (shapeshifter) (Orc:2)
  Nergalle (Lair:1)
  An iron troll (D:15)
  6 skysharks
  7 salamander mystics
  12 deep trolls (D:15)
  13 sea snakes
  3 deep elf archers
  A glowing orange brain (Depths:1)
  Pikel (D:8)
  7 orc knights
  An obsidian statue (D:12)
  6 naga ritualists
  17 deep elf pyromancers
  5 orc sorcerers
  22 deep elf zephyrmancers
  11 harpies
  11 mana vipers
  5 ugly things
  4 cyclopes
  7 fauns
  10 manticores
  21 salamanders
  A moth of wrath (shapeshifter) (D:15)
  10 elephants
  30 black mambas
  2 water nymphs
  5 guardian serpents
  13 merfolk sirens
  25 naga magi
  An orange demon (Orc:2)
  3 gargoyles
  2 torpor snails
  11 cane toads
  6 rime drakes
  A yaktaur (shapeshifter) (Elf:2)
  18 komodo dragons
  An unseen horror (D:10)
  An efreet (D:14)
  3 tengu conjurers (D:15)
  An ice devil (Orc:2)
  A red devil (Orc:2)
  5 trolls
  28 merfolk
  7 wind drakes
  Prince Ribbit (D:7)
  5 polar bears
  2 hornets (Lair:5)
  A polar bear (shapeshifter) (Elf:2)
  11 dream sheep
  8 snapping turtles
  A wind drake (shapeshifter) (D:14)
  16 blink frogs
  A centaur simulacrum (D:14)
  An air elemental (Elf:2)
  A wyvern (shapeshifter) (D:15)
  A ynoxinul (Gauntlet)
  4 water elementals
  2 wraiths
  A vampire (D:11)
  9 wyverns
  35 yaks
  7 fire elementals
  5 basilisks
  4 steam dragons
  4 humans (D:13)
  A neqoxec (Orc:2)
  2 wargs (Orc:1)
  Menkaure (D:7)
  An acid dragon (D:12)
  46 nagas
  4 hell hounds (Orc:2)
  5 small abominations (Gauntlet)
  40 orc warriors
  12 water moccasins
  An ice beast (D:6)
  3 sky beasts (D:7)
  2 black bears
  13 centaurs
  31 wolves
  An ogre (D:5)
  3 lemures (D:8)
  10 bullfrogs
  A gnoll sergeant (D:9)
  2 kobold brigands
  8 earth elementals
  4 scorpions
  8 wights
  3 killer bees (D:9)
  An electric eel (Snake:1)
  6 howler monkeys
  A crimson imp (D:4)
  2 lava snakes
  6 hounds
  2 gnoll boudas
  2 jellies
  Crazy Yiuf (D:2)
  27 orc priests
  3 iguanas
  23 orc wizards
  5 hell rats (Lair:4)
  A killer bee zombie (D:8)
  Robin (D:3)
  A howler monkey zombie (D:8)
  17 gnolls
  4 adders
  2 shadow imps
  A white imp (D:5)
  2 ufetubi (D:7)
  2 dart slugs
  97 orcs
  6 ball pythons
  5 endoplasms
  6 giant cockroaches
  19 goblins
  9 hobgoblins
  4 jackals
  6 quokkas
  3 training dummies (D:9)
  5 bats
  5 frilled lizards
  18 kobolds
  3 rats
  A lurking horror (Shoals:2)
  A spectral weapon (Snake:3)
1177 creatures vanquished.

Vanquished Creatures (collateral kills)
  An orc warrior (Orc:2)
  5 orcs (Orc:2)
6 creatures vanquished.

Vanquished Creatures (others)
  A fire giant (D:15)
  A merfolk impaler (Shoals:4)
  A vault guard (D:13)
  A deep elf zephyrmancer (Elf:2)
  A manticore (Shoals:4)
  A salamander (Snake:3)
  An air elemental (Elf:2)
7 creatures vanquished.

Grand Total: 1190 creatures vanquished

Notes
Turn   | Place    | Note
-------+----------+-------------------------------------------
     0 | D:1      | avis the Felid Shapeshifter began the quest for the Orb.
     0 | D:1      | Reached XP level 1. HP: 9/9 MP: 2/2
   216 | D:1      | Reached XP level 2. HP: 13/13 MP: 3/3
  1155 | D:2      | Reached XP level 3. HP: 16/16 MP: 4/4
  1435 | D:2      | Reached skill level 5 in Dodging
  1450 | D:2      | Reached XP level 4. HP: 19/19 MP: 5/5
  1473 | D:2      | Found a runed translucent door.
  2177 | D:3      | Noticed a black bear
  2194 | D:3      | Killed a black bear
  2195 | D:3      | Reached skill level 5 in Shapeshifting
  2195 | D:3      | Reached XP level 5. HP: 11/22 MP: 2/6
  2433 | D:4      | Noticed Robin
  2772 | D:3      | Gained mutation: You are covered in thick fur. (AC +2)
                  | [Felid growth]
  2772 | D:3      | Reached XP level 6. HP: 26/26 MP: 7/7
  2901 | D:3      | Killed Robin
  3157 | D:4      | Found a staircase to the Ecumenical Temple.
  3172 | Temple   | Entered the Ecumenical Temple
  3179 | Temple   | Became a worshipper of Gozag Ym Sagoz the Greedy
  3288 | D:4      | Noticed an orc warrior
  3493 | D:4      | Found an ancient bone altar of Kikubaaqudgha.
  3985 | D:4      | Found a shimmering altar of Xom.
  3986 | D:4      | Found a burning altar of Makhleb.
  4004 | D:4      | Reached skill level 6 in Shapeshifting
  4327 | D:4      | Upgraded the game from 0.31-a0-977-gc230f8ef24 to
                  | 0.31-a0-978-g1e143483b6
  4343 | D:5      | Entered Level 5 of the Dungeon
  4531 | D:5      | Found a sacrificial altar of Ru.
  4542 | D:5      | Reached XP level 7. HP: 24/30 MP: 6/8
  4864 | D:5      | Reached skill level 7 in Shapeshifting
  5807 | D:3      | Reached XP level 8. HP: 34/34 MP: 9/9
  5889 | D:2      | Noticed Crazy Yiuf
  5896 | D:2      | Killed Crazy Yiuf
  6736 | D:6      | Reached skill level 8 in Shapeshifting
  6975 | D:6      | Reached skill level 10 in Dodging
  7448 | D:7      | Noticed Prince Ribbit
  7489 | D:7      | Killed Prince Ribbit
  7554 | D:7      | Reached XP level 9. HP: 6/39 MP: 1/10
  7851 | D:7      | Found a flagged portal.
  7859 | Bailey   | Entered a bailey
  8162 | D:7      | Noticed Menkaure
  8171 | D:7      | Killed Menkaure
  8475 | D:8      | Identified the "Suemnu"
  8511 | D:7      | Reached skill level 5 in Fighting
  8826 | D:8      | Noticed Pikel
  8851 | D:8      | Killed Pikel
  8969 | D:8      | Found a basalt altar of Yredelemnul.
  9032 | D:8      | Reached skill level 9 in Shapeshifting
  9549 | D:8      | Reached XP level 10. HP: 44/44 MP: 11/11
 10593 | D:9      | Found Wiafipt's Firing Range.
 10777 | D:9      | Reached skill level 10 in Shapeshifting
 10881 | D:9      | Found a staircase to the Lair.
 11209 | Lair:1   | Entered Level 1 of the Lair of Beasts
 11424 | Lair:1   | Reached skill level 15 in Dodging
 11666 | Lair:1   | Noticed a cane toad
 11675 | Lair:1   | Mangled by a dream sheep
 11676 | Lair:1   | Noticed a cane toad
 11700 | Lair:1   | Killed a cane toad
 11736 | Lair:1   | Killed a cane toad
 11740 | Lair:1   | Reached XP level 11. HP: 16/49 MP: 4/12
 11741 | Lair:1   | Mangled by a dream sheep
 11872 | Lair:1   | Slain by a black mamba
 12148 | Lair:1   | Noticed Nergalle
 12161 | Lair:1   | Killed Nergalle
 12869 | Lair:2   | Noticed an eight-headed hydra
 12877 | Lair:2   | Killed an eight-headed hydra
 12998 | Lair:2   | Found a gate leading to a gauntlet.
 13005 | Gauntlet | Entered a Gauntlet
 13005 | Gauntlet | Found a transporter.
 13013 | Gauntlet | Found a transporter.
 13014 | Gauntlet | Found a transporter.
 13018 | Gauntlet | Found a runed translucent door.
 13020 | Gauntlet | Found a runed translucent door.
 13022 | Gauntlet | Found a transporter.
 13025 | Gauntlet | Found a transporter.
 13031 | Gauntlet | Found a runed translucent door.
 13034 | Gauntlet | Found a transporter.
 13036 | Gauntlet | Noticed a hell beast
 13047 | Gauntlet | Noticed an entropy weaver
 13048 | Gauntlet | Found a transporter.
 13058 | Gauntlet | Found a transporter.
 13075 | Gauntlet | Noticed a hell beast
 13078 | Gauntlet | Found a transporter.
 13083 | Gauntlet | Found a transporter.
 13103 | Gauntlet | Found a transporter.
 13103 | Gauntlet | Found a transporter.
 13125 | Gauntlet | Found a runed translucent door.
 13125 | Gauntlet | Noticed a necromancer
 13127 | Gauntlet | Found a transporter.
 13129 | Gauntlet | Found a runed translucent door.
 13130 | Gauntlet | Noticed a death yak
 13130 | Gauntlet | Noticed a death yak
 13130 | Gauntlet | Noticed a death yak
 13130 | Gauntlet | Noticed a death yak
 13132 | Gauntlet | Found a transporter.
 13302 | Gauntlet | Killed a death yak
 13358 | Gauntlet | Noticed a minotaur
 13577 | Lair:2   | Noticed a boulder beetle
 13597 | Lair:2   | a boulder beetle changed into a fire dragon
 13597 | Lair:2   | Noticed a fire dragon
 13619 | Lair:2   | Killed a fire dragon
 14060 | Lair:2   | Found a staircase to the Snake Pit.
 14121 | Lair:2   | Gained mutation: Your thick and shaggy fur keeps you warm.
                  | (AC +3, rC+) [Felid growth]
 14121 | Lair:2   | Reached XP level 12. HP: 47/57 MP: 10/13
 14143 | Lair:2   | Reached skill level 11 in Shapeshifting
 14173 | Lair:2   | Reached skill level 5 in Unarmed Combat
 15284 | Lair:3   | Found a staircase to the Shoals.
 15620 | Lair:3   | Reached skill level 12 in Shapeshifting
 15785 | Lair:3   | Noticed a seven-headed hydra
 15795 | Lair:3   | Killed a seven-headed hydra
 15993 | Lair:3   | Noticed a death yak
 15993 | Lair:3   | Noticed a death yak
 15994 | Lair:3   | Noticed a death yak
 16072 | Lair:2   | Killed a death yak
 16073 | Lair:2   | Reached skill level 10 in Fighting
 16146 | Lair:2   | Killed a death yak
 16300 | Lair:2   | Killed a death yak
 16829 | Lair:4   | Found a runed translucent door.
 16835 | Lair:4   | Noticed a six-headed hydra
 17143 | Lair:4   | Found a dark tunnel.
 17148 | Volcano  | Entered a volcano
 17493 | Lair:4   | Reached XP level 13. HP: 52/61 MP: 11/14
 17514 | Lair:4   | Reached skill level 13 in Shapeshifting
 18729 | Lair:5   | Entered Level 5 of the Lair of Beasts
 19674 | Lair:4   | Reached skill level 14 in Shapeshifting
 20692 | Lair:5   | Identified the +11 trident of Zuaheoggeg {heavy, rPois}
 20693 | Lair:5   | Identified the +5 trident of Winter {speed, rElec Str+3
                  | Int+3 SInv}
 20737 | Lair:5   | Reached skill level 15 in Shapeshifting
 21030 | Lair:5   | Reached XP level 14. HP: 66/66 MP: 15/15
 21194 | Lair:5   | Found a viscous altar of Jiyva.
 21194 | Lair:5   | Found a staircase to the Slime Pits.
 21515 | D:10     | Entered Level 10 of the Dungeon
 21894 | D:10     | Found an ornate altar of the Wu Jian Council.
 21997 | D:10     | Found a white marble altar of Elyvilon.
 22367 | D:11     | Noticed Gastronok
 22382 | D:11     | Killed Gastronok
 22531 | D:11     | Found an iron altar of Okawaru.
 22582 | D:11     | Identified the +0 ring mail of Gishrukh {Str+3}
 23131 | D:12     | Reached skill level 10 in Unarmed Combat
 23315 | D:12     | Found Ruacuin's Weapon Emporium.
 23348 | D:12     | Found Ubatuuq's Weapon Boutique.
 23418 | D:12     | Found a staircase to the Orcish Mines.
 23608 | D:12     | Found Viskueju's Distillery.
 23611 | D:12     | Found Jal Iroro's Antique Weapon Shoppe.
 23614 | D:12     | Bought a potion of degeneration for 15 gold pieces
 23614 | D:12     | Bought a potion of cancellation for 120 gold pieces
 23614 | D:12     | Bought a potion of curing for 45 gold pieces
 23655 | D:12     | Identified the +2 robe of Polaxir {rPois Str+2 Int+3}
 23716 | D:12     | Found Junaes's Armour Boutique.
 23846 | D:12     | HP: 3/66 [enormous slime creature (63)]
 24387 | Orc:1    | Entered Level 1 of the Orcish Mines
 24523 | Orc:1    | Found Woxum's Antique Weapon Boutique.
 24523 | Orc:1    | Found Daneunit's Jewellery Shoppe.
 25060 | Orc:2    | Entered Level 2 of the Orcish Mines
 25117 | Orc:2    | Found a staircase to the Elven Halls.
 25767 | Orc:2    | Found Nynkuw's Magic Scroll Emporium.
 25799 | Orc:2    | Bought a scroll of identify for 24 gold pieces
 25799 | Orc:2    | Bought a scroll of vulnerability for 48 gold pieces
 25799 | Orc:2    | Bought a scroll of teleportation for 36 gold pieces
 25799 | Orc:2    | Bought a scroll of identify for 24 gold pieces
 25799 | Orc:2    | Bought a scroll of identify for 24 gold pieces
 25819 | Orc:2    | Noticed Azrael
 25983 | Orc:2    | Killed Azrael
 26172 | Orc:2    | Found Qotrair's General Store.
 26173 | Orc:2    | Found Lutil's General Store.
 26213 | Orc:2    | Reached skill level 16 in Shapeshifting
 27308 | Orc:2    | Paralysed by an orc sorcerer for 5 turns
 27311 | Orc:2    | Slain by a sixfirhy
 27357 | Orc:2    | Reached XP level 15. HP: 70/70 MP: 16/16
 27382 | Orc:2    | Found Xudogg's Antique Weapon Shoppe.
 27382 | Orc:2    | Found a one-way gate leading to the halls of Pandemonium.
 27382 | Orc:2    | Found Duf Qez's Book Emporium.
 27607 | Orc:2    | Bought a potion of curing for 36 gold pieces
 27607 | Orc:2    | Bought a scroll of identify for 24 gold pieces
 27869 | Orc:2    | Upgraded the game from 0.31-a0-978-g1e143483b6 to
                  | 0.31-a0-981-geadf994542
 28354 | D:13     | Reached skill level 17 in Shapeshifting
 28389 | D:13     | You fall into a shaft and drop 2 floors!
 28389 | D:15     | Entered Level 15 of the Dungeon
 30257 | D:13     | Found a gate to the Vaults.
 30667 | D:14     | Reached skill level 18 in Shapeshifting
 31746 | D:15     | Noticed Jorgrun
 31943 | D:15     | HP: 1/70 [Jorgrun/iron shot (69)]
 31956 | D:15     | Killed Jorgrun
 32331 | D:15     | Found a staircase to the Depths.
 32375 | D:15     | Noticed Roxanne
 32531 | D:15     | Noticed Nessos
 32544 | D:15     | Killed Nessos
 32835 | D:15     | Killed Roxanne
 32910 | Desolati | Identified the "Coetohal"
 32910 | Vaults:2 | Identified the "Fyogh"
 32910 | Vaults:5 | Identified the "Zeyxzatun"
 32910 | Crypt:1  | Identified the "Womic"
 32910 | Depths:1 | Entered Level 1 of the Depths
 32945 | D:15     | Reached skill level 19 in Shapeshifting
 33466 | D:15     | Reached XP level 16. HP: 63/75 MP: 17/17
 33642 | Depths:1 | Found a one-way gateway to a ziggurat.
 33654 | D:15     | Reached skill level 20 in Shapeshifting
 34013 | Depths:1 | Noticed a tengu reaver
 34191 | Depths:1 | Killed a tengu reaver
 34324 | Depths:1 | Killed from afar by an ice dragon
 34506 | Depths:1 | Slain by a balrug
 34506 | Depths:1 | Found a gateway to Hell.
 34788 | Depths:1 | Reached skill level 21 in Shapeshifting
 34963 | Depths:1 | Noticed an ancient champion
 34975 | Depths:1 | Killed an ancient champion
 35385 | Elf:1    | Identified the of Uvucoud
 35385 | Elf:1    | Entered Level 1 of the Elven Halls
 35638 | Elf:1    | Found a shimmering blue altar of Sif Muna.
 35944 | Elf:1    | Reached skill level 22 in Shapeshifting
 36186 | Elf:1    | Found Gogor's Weapon Emporium.
 36846 | Snake:1  | Entered Level 1 of the Snake Pit
 36949 | Lair:2   | Reached XP level 17. HP: 62/78 MP: 18/18
 37193 | Snake:1  | Found a flickering gateway to a bazaar.
 37217 | Bazaar   | Entered a bazaar
 37217 | Bazaar   | Found Osa Qiyt's Book Shoppe.
 37217 | Bazaar   | Found Qeifemo's Book Shoppe.
 37217 | Bazaar   | Found Nockum's Antique Armour Emporium.
 37219 | Bazaar   | Found Zaakh's Antique Armour Emporium.
 37234 | Bazaar   | Bought an Inescapable Atlas for 160 gold pieces
 37237 | Bazaar   | Bought a book of the Dragon for 462 gold pieces
 37246 | Bazaar   | Bought Maxwell's Memoranda for 400 gold pieces
 37246 | Bazaar   | Bought a book of the Warp for 420 gold pieces
 37249 | Bazaar   | Bought a book of Annihilations for 660 gold pieces
 37249 | Bazaar   | Bought a book of Dreams for 242 gold pieces
 37249 | Bazaar   | Bought the Unrestrained Analects for 506 gold pieces
 37252 | Bazaar   | Learned a level 2 spell: Blink
 37346 | Snake:1  | Found the dreamshard necklace {Acrobat *Dream}
 37559 | Snake:1  | Reached skill level 23 in Shapeshifting
 37559 | Snake:1  | Reached skill level 1 in Translocations
 37744 | Snake:1  | Learned a level 4 spell: Vhi's Electric Charge
 37939 | Snake:1  | Found a runed translucent door.
 38124 | Snake:1  | Identified the +2 pair of gloves of the Vacuum {rPois MP+9
                  | Int-2}
 38807 | Snake:2  | Reached skill level 1 in Spellcasting
 39373 | Snake:2  | Learned a level 4 spell: Manifold Assault
 39784 | Snake:3  | Reached skill level 1 in Air Magic
 39810 | Snake:3  | Found a transporter.
 39815 | Snake:3  | Noticed HilariousDeathArtist's ghost (adept AtBr)
 39821 | Snake:3  | Found a transporter.
 39829 | Snake:3  | Reached skill level 5 in Translocations
 40239 | Snake:3  | Found Wyut's Magic Scroll Shoppe.
 40240 | Snake:3  | Found Retefel's Jewellery Shop.
 40247 | Snake:3  | Bought a scroll of identify for 32 gold pieces
 40247 | Snake:3  | Bought a scroll of identify for 32 gold pieces
 40254 | Snake:3  | Bought the ring "Egoam" {rN+ Int+4 Slay+4} for 976 gold
                  | pieces
 40254 | Snake:3  | Bought the talisman of death "Lapogef" {Will+ Str-3 SInv}
                  | for 1584 gold pieces
 40261 | Snake:3  | Found Plog's Weapon Emporium.
 40261 | Snake:3  | Found Tobicuor's General Store.
 40261 | Snake:3  | Found Maepan's Assorted Antiques.
 40557 | Snake:4  | Entered Level 4 of the Snake Pit
 40558 | Snake:4  | Noticed Agnes
 40569 | Snake:4  | Killed Agnes
 40697 | Snake:4  | Reached skill level 10 in Translocations
 40725 | Snake:4  | Noticed Donald
 40733 | Snake:4  | Killed Donald
 40886 | Snake:4  | Noticed Vashnia
 40898 | Snake:4  | Killed Vashnia
 40901 | Snake:4  | Reached XP level 18. HP: 84/84 MP: 10/23
 40905 | Snake:4  | Noticed Nikola
 40911 | Snake:4  | Killed Nikola
 40958 | Snake:4  | Noticed Louise
 40968 | Snake:4  | Killed Louise
 41224 | Snake:4  | Identified the serpent talisman of the Orcish Mines {Fly
                  | Str+7 Stlth-}
 41224 | Snake:4  | Noticed Aizul
 41241 | Snake:4  | Killed Aizul
 41392 | Snake:4  | Got a serpentine rune of Zot
 41963 | Orc:2    | Bought a book of Decay for 420 gold pieces
 42223 | Shoals:1 | Entered Level 1 of the Shoals
 42526 | Shoals:1 | Reached skill level 24 in Shapeshifting
 42735 | Shoals:1 | Identified the maw talisman of Quantum Leap {rC+ Dex-5
                  | SInv}
 43461 | Shoals:2 | Noticed Ilsuiw
 43488 | Shoals:2 | Killed Ilsuiw
 43735 | Shoals:2 | Found a one-way gate to the infinite horrors of the Abyss.
 43739 | Shoals:2 | Found a corrupted altar of Lugonu.
 45223 | Lair:1   | Bought a scroll of teleportation for 36 gold pieces
 45223 | Lair:1   | Bought a wand of charming (6) for 172 gold pieces
 45287 | Lair:3   | Bought a scroll of teleportation for 60 gold pieces
 45287 | Lair:3   | Bought 2 scrolls of revelation for 300 gold pieces
 45287 | Lair:3   | Bought a scroll of amnesia for 80 gold pieces
 45614 | Elf:2    | Found a runed translucent gate.
 45645 | Elf:2    | Found a runed translucent gate.
 45645 | Elf:2    | Found a runed translucent gate.
 46199 | Elf:2    | Reached XP level 19. HP: 87/89 MP: 24/24
 47158 | Shoals:4 | Entered Level 4 of the Shoals
 47593 | Shoals:4 | HP: 2/91 [wind drake/the air (6)]
 47593 | Shoals:4 | Mangled by a manticore
 47631 | Shoals:4 | HP: 2/91 [wind drake/the air (15)]
 47657 | Shoals:4 | HP: 2/91 [merfolk impaler/+1 trident of freezing (6)]
 47676 | Shoals:4 | HP: 4/91 [wind drake/the air (14)]
 47677 | Shoals:4 | Slain by a merfolk impaler

Illustrated notes

Levels and vault maps discovered:
D:1:      minmay_arrival_arboretum_large, layout_basic, hangedman_decor_opposing
D:2:      layout_loops_ring, serial_bayou, serial_bayou_ford_a,
          serial_bayou_pond_a, serial_bayou_lagoon_a, serial_bayou_crossing,
          uniq_crazy_yiuf_cottage
D:3:      layout_loops_ring, minmay_surrounded
D:4:      layout_cave_pools, kennysheep_little_box,
          grunt_temple_overflow_champion_of_chaos,
          minmay_temple_entry_mini_moons, serial_bayou, serial_bayou_pond_a,
          serial_bayou_shore_a, serial_bayou_shore_b, serial_bayou_lake_a,
          minmay_puff, uniq_robin
D:5:      layout_gridville, nicolae_ru_great_annihilating_truth,
          chequers_big_river, moated_statue
D:6:      layout_loops_cross
D:7:      layout_loops_ring, enter_bailey_2, uniq_menkaure, uniq_prince_ribbit1
D:8:      layout_basic, lemuel_zombie_altar_yredelemnul, grunt_ministairs_12,
          uniq_pikel
D:9:      layout_cave_pools, lair_entry_dummy, nicolae_shop_firing_range
D:10:     layout_roguey, mainiacjoe_overflow_chevrons, lemuel_crystal_altar,
          minivault_16
D:11:     layout_long_grid, minmay_parallelograms, grunt_decor_junction,
          david_defended_altar_orc, uniq_gastronok
D:12:     layout_loops_cross, david_orc_5, serial_shops, kennysheep_mini,
          nicolae_shop_tiny_statue_garden, shop, nicolae_shop_crystal, shop,
          minivault_15
D:13:     layout_basic, ximxim_vaults_locker_room
D:14:     layout_basic
D:15:     grunt_enter_depths_hoard, layout_small_grid, uniq_roxanne,
          uniq_jorgrun, uniq_nessos
Temple:   eino_wide_crystal_templ
Lair:1:   layout_chaotic_city, grunt_megastairs_5, lemuel_fruit_tree,
          uniq_nergalle
Lair:2:   layout_cellular_growth, minmay_snake_entry_guardpost_small,
          gauntlet_entry_generic, minivault_19, beast_lair_carwin_6
Lair:3:   layout_cave_pods, shoals_dummy_entry
Lair:4:   layout_long_grid, enter_volcano_4, pf_torpor_hydra
Lair:5:   gammafunk_lair_ancient_temple, layout_hall_layers,
          dpeg_slime_entry_enclosed
Shoals:1: layout_shoals
Shoals:2: layout_shoals, amcnicky_altar_lugonu_corruption, uniq_ilsuiw
Shoals:3: layout_shoals
Shoals:4: shoals_end_hangedman, layout_shoals
Snake:1:  layout_basic, serial_shops, bzr_entry_lakeside, drop_trap,
          nicolae_snake_gridmaze_squiggle, nicolae_snake_gridmaze_spiral,
          lightli_airlock
Snake:2:  layout_gridlike
Snake:3:  layout_basic, gammafunk_ghost_arena, nicolae_snake_serpentine_bazaar
Snake:4:  snake_pit, layout_gridlike, uniq_aizul, uniq_louise, uniq_vashnia,
          uniq_nikola, uniq_agnes, uniq_donald
Orc:1:    layout_caves, guppyfry_orc_lava_fort
Orc:2:    pf_orc_diabolical, layout_diamond_mine, serial_shops, shop,
          uniq_azrael
Elf:1:    nicolae_elf_arrival_no_cutting_in_line, layout_onion_city,
          serial_shops, shop, basic_altar, minmay_elf_sorcery, item_on_display_a
Elf:2:    nicolae_elf_blades_crystal_corner, layout_geoelf_octagon
Depths:1: layout_cave_pools, enter_ziggurat_e, hangedman_decor_peaks_small,
          grunt_mini_vestibule, serial_rivers, chequers_serial_rivers_micro_e,
          chequers_serial_rivers_marsh, chequers_serial_rivers_micro_d,
          chequers_serial_rivers_room_b, hangedman_cracks_in_the_wall

Skill      XL: |  1  2  3  4  5  6  7  8  9 10 11 12 13 14 15 16 17 18 19 |
---------------+----------------------------------------------------------+-----
Fighting       | 2 4 5 6 9 10 11 12 13 14 | 14.3
Dodging        | 3 5 7 9 11 13 16 18 19 20 21 | 21.0
Shapeshifting  | 5 6 7 8 9 10 12 15 16 19 22 23 24 | 24.0
Unarmed Combat | 4 6 9 11 12 13 | 13.5
Translocations | 11 12 | 12.0
Spellcasting   | 3 |  3.0
Air Magic      | 4 |  4.0

Action                     |  1- 3 |  4- 6 |  7- 9 | 10-12 | 13-15 | 16-18 | 19-21 || total
---------------------------+-------+-------+-------+-------+-------+-------+-------++-------
  Melee: Unarmed           |    79 |   179 |   433 |   834 |  1430 |  1024 |   148 ||  4127
         Bite              |     8 |    15 |    77 |   143 |   240 |    14 |       ||   497
         Punch             |     2 |     4 |     1 |    13 |   142 |   109 |    16 ||   287
         Tailslap          |       |       |       |       |    33 |    11 |       ||    44
   Cast: Vhi's Electric Ch |       |       |       |       |       |    64 |    34 ||    98
         Manifold Assault  |       |       |       |       |       |     6 |     4 ||    10
         Blink             |       |       |       |       |       |     2 |     1 ||     3
 Invoke: Potion Petition   |       |       |       |     3 |     2 |       |       ||     5
         Call Merchant     |       |       |       |       |     1 |     2 |       ||     3
Ability: Breathe Fire      |       |       |       |       |     2 |     4 |       ||     6
         Blinkbolt         |       |       |       |       |       |    60 |     8 ||    68
  Evoke: Wand              |       |       |       |     5 |     6 |       |       ||    11
    Use: Scroll            |       |     7 |       |     7 |    12 |     5 |     1 ||    32
         Potion            |       |       |     3 |     8 |     7 |     1 |     5 ||    24
   Stab: Sleeping          |     3 |     1 |     1 |     4 |     6 |     4 |       ||    19
         Paralysed         |       |     1 |       |       |       |       |       ||     1
         Distracted        |       |       |     1 |    10 |    11 |    12 |     3 ||    37
         Invisible         |       |       |       |       |     2 |       |       ||     2
         Petrifying        |       |       |       |       |       |     2 |       ||     2
 Armour: Skin              |    13 |    55 |    87 |   186 |   402 |   206 |    58 ||  1007
  Dodge: Dodged            |    42 |   197 |   415 |   988 |  2029 |  1287 |   438 ||  5396
   Form: Flux              |       |       |     1 |       |       |       |       ||     1
         Blade             |       |       |       |     1 |     1 |       |       ||     2
         Dragon            |       |       |       |       |     2 |       |       ||     2
         Storm             |       |       |       |       |       |     2 |       ||     2
         Death             |       |       |       |       |       |     1 |       ||     1

Table legend: (Time is in decaauts)
 A = Elapsed time spent in this place.
 B = Non-inter-level travel time spent in this place.
 C = Inter-level travel time spent in this place.
 D = Time resting spent in this place.
 E = Time spent auto-exploring this place.
 F = Levels seen in this place.
 G = Mean time per level.
                   A        B        C        D        E       F      G
               +--------+--------+--------+--------+--------+-----+--------+
         Total |  43618 |  38538 |   5080 |  11017 |  12994 |  38 | 1147.8 |
       Dungeon |  18413 |  16377 |   2036 |   4836 |   6638 |  15 | 1227.5 |
        Temple |     30 |     30 |      0 |      0 |      0 |   1 |   30.0 |
          Lair |  10404 |   8737 |   1667 |   3394 |   2361 |   5 | 2080.8 |
        Shoals |   2966 |   2647 |    319 |    388 |    617 |   4 |  741.5 |
     Snake Pit |   4153 |   3756 |    397 |    642 |   1576 |   4 | 1038.2 |
  Orcish Mines |   3583 |   3238 |    345 |   1222 |    434 |   2 | 1791.5 |
   Elven Halls |   2496 |   2225 |    271 |    327 |    925 |   2 | 1248.0 |
        Depths |   1180 |   1137 |     43 |    178 |    442 |   1 | 1180.0 |
        Bazaar |     41 |     41 |      0 |      0 |      0 |   1 |   41.0 |
        Bailey |     18 |     18 |      0 |      0 |      0 |   1 |   18.0 |
       Volcano |     36 |     36 |      0 |      0 |      0 |   1 |   36.0 |
      Gauntlet |    293 |    293 |      0 |     27 |      0 |   1 |  293.0 |
               +--------+--------+--------+--------+--------+-----+--------+

Top non-repeatable levels by time:
  Lair:2: 2721 daAuts
   Orc:2: 2715 daAuts
  Lair:4: 2368 daAuts
    D:15: 2135 daAuts
  Lair:3: 2066 daAuts
  Lair:1: 2002 daAuts
    D:14: 1987 daAuts
     D:5: 1585 daAuts
     D:8: 1422 daAuts
     D:4: 1420 daAuts
   Elf:2: 1269 daAuts
    D:12: 1247 daAuts
  Lair:5: 1245 daAuts
   Elf:1: 1227 daAuts
Shoals:3: 1200 daAuts
